 Dungeon Crawl Stone Soup version 0.24.1 (console) character file.

Game seed: 6964409337276365025, levelgen mode: deterministic

228 Kloppie the Ruffian (level 6, -1/55 HPs)
             Began as a Ghoul Gladiator on Mar 30, 2020.
             Shot with an arrow by a centaur (8 damage)
             ... on level 4 of the Dungeon.
             The game lasted 00:06:39 (2091 turns).

Kloppie the Ruffian (Ghoul Gladiator)               Turns: 2091, Time: 00:06:40

Health: -1/55      AC:  8    Str: 20    XL:     6   Next: 2%
Magic:  5/5        EV: 10    Int:  3    God:
Gold:   129        SH:  2    Dex: 10    Spells: 5/5 levels left

rFire    . . .     SeeInvis .     - Unarmed
rCold    + . .     Gourm    .   (no shield)
rNeg     + + +     Faith    .   r - +0 scale mail (curse)
rPois    ∞         Spirit   .   b - +0 helmet
rElec    .         Reflect  +   (no cloak)
rCorr    .         Harm     .   (no gloves)
MR       .....                  o - +0 pair of boots
Stlth    ..........             f - +2 amulet of reflection
HPRegen  0.00/turn              (no ring)
MPRegen  0.09/turn              (no ring)

@: rotting
A: rotting body, claws 1, carnivore, cold resistance 1, negative energy
resistance 3, inhibited regeneration, torment resistance, unbreathing
a: no special abilities


You were on level 4 of the Dungeon.
You were not hungry.

You visited 1 branch of the dungeon, and saw 4 of its levels.

You collected 129 gold pieces.

Inventory:

Missiles
 c - 3 throwing nets (quivered)
Armour
 b - a +0 helmet (worn)
 o - a +0 pair of boots (worn)
 r - a cursed +0 scale mail (worn)
Jewellery
 f - a +2 amulet of reflection (around neck)
Wands
 y - a wand of iceblast (9)
Scrolls
 e - a scroll of magic mapping {unknown}
 g - 3 scrolls of remove curse {unknown}
 h - 2 scrolls of amnesia {unknown}
 k - 3 scrolls of enchant weapon {unknown}
 l - a scroll of enchant armour {unknown}
 m - a scroll of teleportation {unknown}
 u - a scroll of blinking {unknown}
 v - a scroll of random uselessness {unknown}
 w - a scroll of fog {unknown}
Potions
 a - a potion of degeneration {unknown}
 i - a potion of might {unknown}
 j - a potion of mutation {unknown}
 n - 2 potions of ambrosia {unknown}
 p - a potion of heal wounds {unknown}
 s - a potion of flight {unknown}
 t - a potion of haste {unknown}
 x - a potion of curing {unknown}
 z - a potion of magic {unknown}
 A - a potion of cancellation {unknown}
Comestibles
 d - 8 rations
 q - a chunk of flesh


   Skills:
 + Level 4.9 Fighting
 - Level 1.7 Throwing
 - Level 2.6 Dodging
 + Level 5.5 Unarmed Combat


You had 5 spell levels left.
You didn't know any spells.
Your spell library was empty.

Dungeon Overview and Level Annotations

Branches:
Dungeon (4/15)
 Temple: D:4-7

Altars:
Fedhas
Nemelex Xobeh
Xom


Innate Abilities, Weirdness & Mutations

Your body is rotting away.
You thrive on raw meat.
You are immune to poison.
You have sharp fingernails.
You are carnivorous and can eat meat at any time.
Your flesh is cold resistant. (rC+)
You are immune to negative energy. (rN+++)
You do not regenerate when monsters are visible.
You are immune to unholy pain and torment.
You can survive without breathing.


Message History

A centaur comes into view.
You are too injured to fight recklessly!
You are too injured to fight recklessly!
You are too injured to fight recklessly!
The centaur wields a +0 shortbow.
The centaur shoots an arrow.
The arrow hits you.
* * * LOW HITPOINT WARNING * * *
You see here an arrow.
The centaur shoots an arrow.
The arrow hits you but does no damage.
You hear an angry hiss.
You see here an arrow.
The centaur shoots an arrow.
The arrow hits you.
* * * LOW HITPOINT WARNING * * *
The centaur shoots an arrow.
The arrow hits you.
* * * LOW HITPOINT WARNING * * *
You see here 2 arrows.
The centaur shoots an arrow.
The arrow hits you.
* * * LOW HITPOINT WARNING * * *
You see here an arrow.
The centaur shoots an arrow.
The arrow hits you!
You die...

..................
.........(....c.##
.........(.......#
..................
.##....(#########
#.....##....#
#.....c.....#
#...........#
#...........+
#.........(.#
##+##÷#####@#
##..##.##.##.####
.................+
...........^.....#
.................#
#######...###..###
#...###'##
......#...#
.......#...#
.......#...# ###'#


You could see a centaur.

Vanquished Creatures
  An ice beast (D:4)
  A centaur skeleton (D:4)
  Natasha (D:2)
  An adder (D:4)
  An ooze (D:3)
  3 worms
  A dart slug (D:2)
  An orc (D:3)
  4 giant cockroaches
  4 goblins
  13 hobgoblins
  6 jackals
  4 kobolds
  2 quokkas (D:2)
  8 bats
  4 frilled lizards
  7 rats
62 creatures vanquished.

Notes
Turn   | Place    | Note
-------+----------+-------------------------------------------
     0 | D:1      | Kloppie the Ghoul Gladiator began the quest for the Orb.
     0 | D:1      | Reached XP level 1. HP: 17/17 MP: 0/0
    60 | D:1      | Reached XP level 2. HP: 21/25 MP: 1/1
   498 | D:1      | Reached XP level 3. HP: 29/29 MP: 2/2
   509 | D:1      | Reached skill level 4 in Unarmed Combat
   759 | D:2      | Found a blossoming altar of Fedhas.
   918 | D:2      | Noticed Natasha
   924 | D:2      | Killed Natasha
   924 | D:2      | Reached XP level 4. HP: 37/40 MP: 3/3
   941 | D:2      | Found a sparkling altar of Nemelex Xobeh.
  1095 | D:2      | Found a faded altar of an unknown god.
  1737 | D:3      | Found a shimmering altar of Xom.
  2041 | D:4      | Reached XP level 5. HP: 30/46 MP: 4/4
  2045 | D:4      | Reached skill level 5 in Unarmed Combat
  2055 | D:4      | Noticed an ice beast
  2071 | D:4      | Killed an ice beast
  2071 | D:4      | Reached XP level 6. HP: 20/55 MP: 5/5
  2091 | D:4      | Shot with an arrow by a centaur

Levels and vault maps discovered:
D:1:      beargit_arrival_greenhouse, layout_basic
D:2:      layout_basic, old_standard_altar, fedhas_altar_1,
          chequers_ecumenical_altar_twisty, uniq_natasha
D:3:      layout_loops_ring, lemuel_doored_altar, serial_glass, glass_columns_a,
          glass_columns_a, glass_columns_a, glass_columns_a
D:4:      layout_gridville, temple_doors_e, minmay_between

Skill      XL: |  1  2  3  4  5 |
---------------+----------------+-----
Fighting       | 3 4 |  4.9
Unarmed Combat | 4 5 |  5.5
Throwing       | |  1.7
Dodging        | |  2.6

Action                   |  1- 3 |  4- 6 || total
-------------------------+-------+-------++-------
Melee: Unarmed           |   120 |   112 ||   232
       Punch             |       |     1 ||     1
  Eat: Chunk             |     2 |     4 ||     6
Armor: Leather armour    |    33 |       ||    33
       Scale mail        |    10 |    50 ||    60
Dodge: Dodged            |    71 |    63 ||   134
Block: Other             |     1 |     8 ||     9
       Reflection        |       |     2 ||     2
